Map: Nightscape LE

Players

Overlord

  • Race: Zerg Zerg
  • League: Diamond
  • Spawn Location: 1:00

Dronerlord

  • Race: Zerg Zerg
  • Spawn Location: 1:00

qqq - Winner!

  • Race: Zerg Zerg
  • Spawn Location: 7:00

Massa - Winner!

  • Race: Terran Terran
  • League: Platinum
  • Spawn Location: 7:00

VOD

Have the link to the VOD?

Description

Time

  • Played on: Feb. 22, 2021, 2:31 p.m.
  • Length: 12:21
Show
View Real Time Build Order
Export as new Build Order

Overlord Zerg 

Build Orders: Hatch First 

Get SALT Encoding   

  12  0:01  Drone  
  13  0:10  Drone  
  14  0:17  Overlord  
  14  0:35  Drone x2  
  16  0:50  Hatchery  
  16  0:54  Drone  
  16  0:57  Drone  
  17  1:06  Extractor, Drone  
  17  1:10  Drone  
  18  1:22  Spawning Pool  
  17  1:41  Drone x3  
  20  2:04  Drone x3  
  23  2:11  Queen  
  23  2:12  Queen  
  23  2:14  Metabolic Boost  
  27  2:19  Drone  
  27  2:20  Overlord  
  28  2:43  Zergling x8  
  32  2:51  Zergling x4  
  34  2:59  Zergling x4  
  36  3:11  Overlord  
  36  3:30  Zergling x12  
  36  3:31  Zergling x4  
  43  3:59  Overlord x2  
  39  4:15  Zergling x2  
  39  4:16  Zergling x12  
  39  4:40  Zergling x10  
  39  4:44  Queen x2  
  48  4:46  Overlord  
  39  5:00  Zergling x4  
  33  5:31  Zergling x2  
  33  5:32  Zergling x16  
  42  5:37  Hatchery  
  41  5:52  Queen  
  43  5:59  Roach Warren  
  43  6:01  Extractor, Drone x3  
  43  6:03  Drone x4  
  48  6:13  Drone  
  48  6:14  Drone x6  
  55  6:25  Roach Warren  
  55  6:52  Drone  
  55  6:53  Drone x9  
  62  7:06  Zergling x2  
  62  7:07  Zergling x6  
  59  7:12  Extractor x2  
  56  7:33  Lair  
  52  7:53  Zergling x2  
  52  7:54  Zergling x10  
  58  8:00  Overlord x4  
  58  8:18  Queen  
  54  8:44  Glial Reconstitution  
  54  8:51  Hydralisk Den  
  54  8:54  Zergling x2  
  54  8:55  Zergling x28  
  65  8:56  Zergling x20  
  78  9:20  Spore Crawler  
  78  9:21  Spore Crawler  
  74  9:42  Queen  
  74  9:44  Queen  
  74  9:46  Spore Crawler  
  74  9:48  Spore Crawler  
  70  9:54  Spore Crawler  
  70  9:56  Hydralisk x4  
  70  9:59  Overlord x3  
  67  10:20  Spore Crawler  
  66  10:24  Hydralisk  
  66  10:25  Hydralisk x5  
  73  10:40  Hatchery  
  73  10:42  Extractor x2  
  70  10:48  Hydralisk x2  
  74  11:00  Overseer x2  
  74  11:05  Muscular Augments  
  74  11:10  Drone, Evolution Chamber  
  74  11:11  Drone  
  75  11:18  Drone  
  75  11:19  Drone  
  77  11:48  Hydralisk x5  
Show
View Real Time Build Order
Export as new Build Order

Dronerlord Zerg 

Build Orders: Hatch First 

Get SALT Encoding   

  12  0:00  Drone  
  13  0:12  Overlord  
  13  0:18  Drone  
  14  0:31  Drone x2  
  16  0:35  Drone  
  17  0:53  Hatchery  
  17  0:57  Drone  
  17  0:59  Extractor  
  16  1:11  Spawning Pool  
  16  1:15  Drone  
  16  1:18  Drone  
  17  1:23  Drone  
  18  1:29  Drone  
  19  1:45  Drone  
  20  1:50  Drone  
  21  2:00  Metabolic Boost  
  21  2:04  Queen  
  21  2:05  Overlord  
  23  2:09  Queen  
  23  2:11  Zergling x2  
  23  2:14  Zergling x2  
  27  2:17  Drone  
  28  2:25  Overlord  
  28  2:27  Drone  
  29  2:35  Drone  
  30  2:41  Drone  
  30  2:43  Overlord  
  31  2:47  Drone  
  32  2:54  Zergling x2  
  33  3:02  Zergling x2  
  34  3:05  Zergling x2  
  35  3:13  Zergling x4  
  35  3:14  Zergling x2  
  35  3:15  Zergling x2  
  35  3:17  Zergling x2  
  35  3:18  Zergling x6  
  43  3:23  Overlord  
  43  3:30  Zergling x2  
  45  3:48  Zergling x4  
  45  3:49  Zergling x12  
  49  4:02  Zergling x2  
  49  4:03  Zergling x4  
  43  4:32  Zergling x2  
  43  4:33  Zergling x18  
  47  4:39  Queen  
  47  4:40  Queen  
  47  4:41  Overlord  
  47  4:42  Overlord  
  45  4:57  Hatchery  
  44  5:01  Extractor, Zergling x6  
  44  5:02  Zergling x2  
  44  5:03  Extractor, Roach Warren  
  44  5:08  Evolution Chamber  
  44  5:09  Spine Crawler  
  42  5:21  Zergling x6  
  42  5:22  Zergling x8  
  47  5:32  Zergling x4  
  48  5:43  Zerg Missile Weapons Level 1  
  48  5:44  Lair  
  48  5:51  Overlord x2  
  48  5:52  Overlord  
  48  5:55  Drone x2  
  48  5:56  Drone x2  
  52  6:18  Drone  
  53  6:20  Drone x4, Queen  
  53  6:21  Drone x4  
  63  6:30  Drone x3  
  63  6:32  Drone  
  55  6:47  Roach  
  55  6:48  Roach x3  
  52  7:05  Queen  
  49  7:08  Overlord x3  
  47  7:28  Drone x6  
  43  7:45  Drone x3  
  46  8:01  Zergling x2  
  46  8:02  Roach  
  46  8:03  Roach  
  47  8:16  Roach x4  
  43  8:25  Roach x2  
  40  8:36  Spore Crawler  
  40  8:37  Drone x2  
  41  8:41  Spore Crawler  
  40  8:56  Drone x3  
  40  9:00  Drone x16  
  40  9:01  Roach  
  58  9:12  Drone x2  
  60  9:18  Spore Crawler  
  56  9:24  Ravager  
  56  9:27  Spore Crawler  
  56  9:30  Ravager  
  53  9:33  Spore Crawler  
  53  9:34  Queen  
  54  9:42  Hydralisk Den  
  49  10:03  Roach  
  51  10:07  Drone x2  
  51  10:08  Drone  
  51  10:12  Hydralisk  
  51  10:13  Hydralisk x7, Spore Crawler  
  66  10:24  Hydralisk  
  66  10:25  Hydralisk  
  68  10:30  Drone  
  69  10:44  Drone x4, Extractor  
  70  10:59  Overseer x2  
  70  11:00  Overseer  
  70  11:13  Hatchery  
  70  11:17  Hydralisk  
  71  11:27  Ravager  
  72  11:38  Hydralisk  
  72  11:39  Drone x10  
  84  12:01  Spore Crawler x2  
Show
View Real Time Build Order
Export as new Build Order

qqq Zerg - Winner!

Build Orders: Hatch First 

Get SALT Encoding   

  12  0:00  Drone  
  13  0:09  Drone  
  14  0:18  Overlord  
  14  0:47  Hatchery  
  13  0:51  Drone  
  13  0:52  Drone  
  16  1:04  Drone x2  
  17  1:30  Extractor, Spawning Pool  
  15  1:37  Drone x3  
  18  1:52  Drone  
  19  2:00  Drone  
  20  2:05  Drone  
  21  2:10  Drone  
  21  2:15  Overlord  
  22  2:19  Queen  
  22  2:20  Queen  
  26  2:32  Overlord  
  26  2:34  Zergling x2  
  26  2:35  Drone x2  
  26  2:36  Metabolic Boost  
  29  2:48  Zergling x2  
  29  2:49  Zergling x2  
  31  2:54  Zergling x4  
  33  3:05  Drone  
  34  3:06  Zergling x2  
  34  3:11  Lair  
  35  3:14  Zergling x2  
  35  3:15  Drone  
  38  3:27  Zergling x4  
  38  3:28  Drone  
  40  3:40  Zergling x6  
  43  3:45  Drone, Overlord x2  
  41  3:59  Zergling x2  
  41  4:01  Zergling x8  
  37  4:07  Zergling x6  
  34  4:13  Zergling x2  
  34  4:14  Drone  
  32  4:25  Zergling x2  
  32  4:26  Zergling x4  
  33  4:39  Zergling x2  
  33  4:40  Zergling x2  
  33  4:48  Spire  
  29  4:59  Drone, Zergling x4  
  32  5:00  Drone  
  32  5:02  Queen  
  32  5:03  Zergling x2  
  35  5:09  Drone  
  36  5:15  Drone  
  37  5:25  Drone, Zergling x2  
  37  5:41  Zergling x2  
  37  5:42  Drone x2  
  40  5:53  Zergling x6  
  40  5:54  Drone  
  44  6:00  Zergling x2  
  45  6:05  Mutalisk  
  45  6:09  Extractor  
  46  6:12  Drone  
  46  6:13  Mutalisk  
  46  6:16  Mutalisk  
  46  6:17  Drone x2  
  53  6:19  Drone  
  53  6:20  Drone x2  
  56  6:28  Extractor  
  56  6:30  Extractor  
  54  6:34  Overlord  
  54  6:36  Drone x2  
  56  6:41  Drone x2  
  56  6:42  Overlord x2  
  56  6:46  Drone  
  59  6:54  Mutalisk  
  59  7:00  Drone x3  
  64  7:03  Hatchery  
  63  7:10  Mutalisk x2  
  63  7:11  Overlord  
  63  7:13  Drone  
  68  7:31  Mutalisk x2  
  68  7:33  Drone x2  
  68  7:34  Drone x2  
  74  7:45  Drone  
  74  7:50  Mutalisk x2  
  74  7:51  Overlord x2  
  79  7:56  Drone  
  79  8:07  Hatchery  
  79  8:11  Mutalisk x2  
  79  8:12  Drone  
  74  8:22  Mutalisk  
  74  8:23  Mutalisk  
  74  8:24  Drone x2  
  74  8:25  Drone  
  76  8:37  Drone  
  76  8:38  Mutalisk  
  77  8:45  Spine Crawler  
  76  8:50  Spine Crawler  
  75  8:55  Infestation Pit  
  75  8:56  Zerg Flyer Weapons Level 1  
  74  9:07  Mutalisk  
  74  9:08  Zergling x8  
  74  9:09  Zergling x2  
  77  9:47  Mutalisk x3  
  81  9:55  Mutalisk x2  
  81  9:56  Mutalisk  
  81  10:01  Zergling x8  
  81  10:02  Drone x3  
  88  10:09  Mutalisk  
  88  10:17  Drone  
  88  10:20  Hive  
  89  10:28  Drone  
  90  10:36  Extractor  
  90  10:37  Extractor  
  89  10:42  Drone  
  89  10:43  Mutalisk  
  89  10:48  Hatchery  
  90  10:58  Drone x2  
  90  11:00  Hatchery  
  91  11:04  Baneling Nest  
  91  11:07  Drone, Spore Crawler  
  91  11:08  Mutalisk x2  
  94  11:23  Drone, Mutalisk  
  94  11:24  Mutalisk  
  99  11:36  Drone  
  100  11:40  Drone  
  100  11:46  Zergling x10  
  100  11:47  Zergling x6  
  109  12:00  Zergling x4  
  109  12:01  Zergling x2  
Show
View Real Time Build Order
Export as new Build Order

Massa Terran - Winner!

Build Orders: Hellion Opening 

Get SALT Encoding   

  12  0:00  SCV  
  13  0:12  SCV  
  14  0:21  Supply Depot  
  14  0:24  SCV  
  15  0:43  Refinery, SCV  
  15  0:45  Barracks  
  16  0:55  SCV  
  17  1:07  SCV  
  18  1:19  SCV  
  20  1:34  Orbital Command  
  20  1:38  Command Center  
  19  1:41  Marine  
  20  1:57  Supply Depot  
  20  2:01  Factory  
  20  2:12  Barracks Reactor  
  20  2:29  SCV  
  21  2:43  Refinery  
  21  2:49  Barracks  
  21  2:59  Barracks Tech Lab  
  21  3:00  Hellion x2  
  21  3:05  SCV  
  26  3:13  Engineering Bay  
  26  3:21  Hellion  
  26  3:22  Hellion, Marine  
  31  3:36  Supply Depot  
  31  3:39  Marine  
  32  3:43  Hellion x2  
  35  3:58  Marine  
  35  3:59  Marine  
  33  4:04  Hellion x2  
  33  4:08  Terran Infantry Weapons Level 1  
  36  4:10  Orbital Command  
  36  4:17  Marine  
  37  4:26  Hellion x2  
  36  4:41  Stimpack  
  36  4:43  Barracks Reactor  
  36  4:47  Hellion x2  
  36  5:08  Hellion  
  36  5:13  Hellion  
  40  5:30  Hellion  
  40  5:34  Hellion  
  44  5:44  SCV x2  
  44  5:47  Marine x2  
  44  5:49  Marine  
  49  5:51  Hellion  
  49  5:56  SCV, Hellion  
  54  6:06  Supply Depot  
  54  6:07  Supply Depot  
  54  6:08  Missile Turret  
  54  6:10  Supply Depot  
  54  6:13  Missile Turret  
  54  6:28  SCV x2, Marine x2  
  54  6:30  Widow Mine x2  
  62  6:33  Marine  
  63  6:51  Widow Mine  
  63  6:52  Widow Mine  
  47  7:43  Marauder, Marine x2  
  51  7:46  Widow Mine x2  
  51  7:47  SCV x2  
  53  7:53  Barracks  
  53  7:55  Barracks  
  53  7:59  Starport, SCV x2  
  53  8:00  Marine  
  53  8:01  Marine  
  53  8:04  Marauder  
  59  8:07  Widow Mine x2  
  59  8:11  SCV x2  
  65  8:18  Marine  
  66  8:24  Terran Infantry Armor Level 1  
  66  8:26  Marauder  
  68  8:28  Widow Mine, Armory  
  68  8:29  Widow Mine  
  68  8:32  Command Center  
  72  8:46  Barracks Tech Lab  
  72  8:47  Barracks Reactor  
  72  8:48  Starport Reactor  
  72  8:49  Marine x2  
  72  8:50  SCV x2  
  76  8:56  Refinery  
  76  9:02  SCV x2  
  78  9:16  Supply Depot x2  
  78  9:17  Supply Depot  
  78  9:18  Missile Turret  
  78  9:19  Terran Vehicle And Ship Armor Level 1  
  78  9:26  Refinery  
  78  9:37  Combat Shield  
  78  9:38  SCV x2, Marine x2  
  82  9:39  Concussive Shells  
  82  9:41  Supply Depot  
  82  9:43  Supply Depot  
  82  9:44  Medivac x2  
  86  9:47  Factory Tech Lab, Barracks  
  86  9:50  SCV x2  
  88  9:58  Missile Turret  
  88  10:02  SCV x2  
  90  10:14  SCV, Medivac x2  
  90  10:16  Marauder x2, Marine  
  90  10:17  Marine x3  
  103  10:29  Engineering Bay  
  103  10:34  Marine  
  104  10:36  Marine  
  104  10:37  Marine x4  
  104  10:38  Marauder x2  
  113  10:43  Siege Tank  
  116  10:52  Marine  
  117  10:59  Marauder x2  
  121  11:06  SCV  
  121  11:08  Orbital Command  
  121  11:09  SCV  
  123  11:14  Missile Turret  
  123  11:15  Siege Tank  
  123  11:17  Missile Turret  
  123  11:18  SCV  
  127  11:19  Marine x3  
  127  11:20  Marauder, Marine  
  133  11:26  Supply Depot  
  133  11:28  Supply Depot  
  133  11:31  SCV x2  
  133  11:47  SCV x3  
  133  11:48  Marauder x2  
  140  12:00  SCV x3  
Tags
 
Add a new tag
Caveats
  • Supply blocks, unpowered buildings, or Contaminate may cause inaccurate times.
  • Supply counts are checked every 10 seconds.